Map: Moonlight Madness LE (Void)

Players

Javert - Winner!

  • Race: Zerg Zerg
  • League: Grandmaster

Funk

  • Race: Zerg Zerg
  • League: Gold

VOD

Have the link to the VOD?

Description

Time

  • Played on: Sept. 19, 2015, 8:04 p.m.
  • Length: 8:26
Show
View Real Time Build Order
Export as new Build Order

Javert Zerg - Winner!

Build Orders: Pool First 

Get SALT Encoding   

  12  0:01  Drone  
  13  0:13  Overlord  
  13  0:17  Drone  
  14  0:31  Drone  
  14  0:32  Drone  
  16  0:36  Drone  
  17  0:50  Drone, Spawning Pool  
  17  0:58  Drone  
  18  1:14  Drone  
  18  1:16  Hatchery  
  18  1:23  Extractor  
  18  1:24  Drone  
  18  1:38  Roach Warren, Queen  
  19  1:47  Overlord  
  19  1:50  Drone  
  20  2:18  Queen  
  20  2:20  Roach x3  
  28  2:29  Queen  
  30  2:31  Drone x2  
  32  2:48  Baneling Nest  
  31  2:54  Drone x4  
  31  2:55  Drone  
  36  3:01  Overlord  
  36  3:14  Overlord  
  36  3:23  Drone x6  
  42  3:37  Drone x2  
  42  3:38  Drone x4  
  48  3:46  Evolution Chamber  
  48  3:48  Overlord  
  47  3:56  Overlord  
  47  3:57  Drone x2  
  49  4:12  Drone  
  49  4:13  Drone x6  
  49  4:16  Overlord  
  56  4:17  Extractor  
  56  4:18  Lair, Extractor  
  56  4:19  Extractor  
  56  4:21  Ravager  
  54  4:24  Zerg Missile Weapons Level 1  
  54  4:40  Roach x2  
  58  4:56  Drone  
  58  4:57  Extractor  
  58  4:58  Hatchery  
  57  5:00  Ravager  
  58  5:07  Overlord  
  58  5:09  Roach x5  
  58  5:11  Overlord  
  58  5:12  Overlord  
  68  5:20  Evolution Chamber  
  67  5:23  Ravager  
  67  5:24  Ravager  
  69  5:36  Glial Reconstitution  
  69  5:38  Drone x2  
  69  5:39  Drone x8  
  79  5:51  Zerg Ground Armor Level 1  
  79  5:53  Roach x2  
  83  6:02  Overlord  
  83  6:05  Overlord  
  83  6:13  Roach  
  83  6:14  Roach x8  
  101  6:19  Overlord  
  101  6:36  Hydralisk Den  
  100  6:44  Roach  
  100  6:45  Roach x4  
  110  6:47  Overlord x2  
  110  6:49  Drone  
  110  6:50  Drone x3  
  114  7:02  Overlord x2  
  114  7:03  Drone x2  
  108  7:25  Roach  
  108  7:26  Roach x11  
  119  7:44  Roach  
  119  7:45  Roach x8  
  135  7:51  Overlord x2  
  135  7:58  Drone x2  
  135  8:00  Drone  
  135  8:06  Drone  
  135  8:07  Drone x3  
Show
View Real Time Build Order
Export as new Build Order

Funk Zerg 

Build Orders: Hatch First 

Get SALT Encoding   

  12  0:01  Drone  
  13  0:12  Overlord  
  13  0:20  Drone  
  14  0:31  Drone x2  
  16  0:37  Drone  
  17  0:54  Hatchery  
  16  0:58  Drone  
  17  1:10  Spawning Pool  
  16  1:13  Drone  
  16  1:16  Drone  
  18  1:20  Extractor  
  18  1:21  Drone  
  18  1:32  Drone  
  19  1:42  Overlord  
  19  1:51  Drone  
  20  1:57  Queen  
  22  2:02  Zergling x2  
  22  2:06  Queen  
  25  2:09  Drone  
  26  2:19  Roach Warren  
  26  2:20  Metabolic Boost  
  26  2:22  Drone  
  26  2:28  Drone  
  27  2:38  Spine Crawler  
  27  2:44  Queen  
  26  2:45  Drone  
  26  2:50  Drone x2  
  30  2:58  Drone x3  
  33  3:03  Drone  
  34  3:07  Overlord  
  34  3:20  Evolution Chamber  
  34  3:22  Evolution Chamber  
  32  3:35  Drone  
  32  3:37  Drone  
  32  3:38  Drone x2  
  32  3:39  Drone  
  32  3:40  Roach x3  
  43  3:46  Lair  
  43  3:48  Drone, Extractor  
  43  4:09  Overlord x3  
  44  4:17  Drone, Overlord  
  44  4:31  Hatchery  
  43  4:47  Zerg Missile Weapons Level 1  
  43  4:51  Drone x3, Extractor  
  43  4:52  Drone x2, Extractor  
  47  4:53  Drone x5  
  47  4:54  Drone x3  
  54  5:18  Glial Reconstitution  
  54  5:28  Zerg Ground Armor Level 1  
  54  5:50  Overlord x3  
  54  5:52  Drone  
  54  5:53  Drone x8  
  63  5:59  Spore Crawler  
  63  6:03  Queen  
  64  6:05  Overlord, Hydralisk Den  
  64  6:06  Drone  
  64  6:07  Drone x5  
  69  6:11  Extractor  
  68  6:25  Drone x6, Extractor  
  72  6:26  Drone  
  72  6:31  Drone x2  
  72  6:32  Drone x2  
  78  6:37  Hydralisk  
  78  6:38  Hatchery, Hydralisk  
  81  6:45  Roach x3  
  81  6:46  Hydralisk  
  89  6:58  Roach x3  
  89  6:59  Roach  
  89  7:00  Overlord  
  89  7:01  Overlord  
  97  7:14  Hydralisk  
  97  7:19  Hydralisk x6  
  94  7:29  Roach  
  81  7:30  Roach  
  81  7:34  Hydralisk x2  
  73  7:45  Roach x2  
Tags
 
Add a new tag
Caveats
  • Supply blocks, unpowered buildings, or Contaminate may cause inaccurate times.
  • Supply counts are checked every 10 seconds.